BSA
VISTA PANTHERS @ KANSAS CITY KINGS
07/01/2029
 
TOP OF THE 1ST
Vista Panthers batting - Pitching for Kansas City Kings : RHP Carlos Pacheco
Pitching: RHP Carlos Pacheco
Batting: LHB Bill Wilson 0-0: Called Strike
0-1: Ball
1-1: Foul Ball, location: 2F
1-2: Ball
2-2: SINGLE (Groundball, 56D)
Batting: LHB Bob Cunningham 0-0: Ball
1-0: Called Strike
1-1: Called Strike
1-2: Strikes out swinging
Batting: RHB Stephen Wilson 0-0: Ball
1-0: Foul Ball, location: 2F
1-1: Ball
2-1: Ball
3-1: Base on Balls
Bill Wilson to second
Batting: SHB Juan Castro 0-0: Ball
1-0: Called Strike
1-1: Ball
2-1: Ball
3-1: Called Strike
3-2: Base on Balls
Bill Wilson to third
Stephen Wilson to second
Batting: LHB Noriaki Sangi 0-0: Called Strike
0-1: Ball
1-1: Foul Ball, location: 2F
1-2: GRAND SLAM HOME RUN (Flyball, 9LD), Distance : 373 ft
Batting: RHB Phil Matthews 0-0: Foul Ball, location: 2F
0-1: Ball
1-1: Ball
2-1: Foul Ball, location: 2F
2-2: Ground out 6-3 (Groundball, 6S)
Batting: RHB Justin Burgess 0-0: Ball
1-0: Swinging Strike
1-1: Foul Ball, location: 2F
1-2: Ball
2-2: Strikes out swinging
Top of the 1st over - 4 runs, 2 hits, 0 errors, 0 left on base; Vista 4 - Kansas City 0
BOTTOM OF THE 1ST
Kansas City Kings batting - Pitching for Vista Panthers : RHP Randy Mailman
Pitching: RHP Randy Mailman
Batting: RHB Chris Chandler 0-0: Ground out 5-3 (Groundball, 56)
Batting: SHB Douglas Taylor 0-0: Called Strike
0-1: Ball
1-1: Ground out U3 (Groundball, 34S)
Batting: RHB Toshimichi Kono 0-0: Called Strike
0-1: Foul Ball, location: 2F
0-2: Ball
1-2: Ball
2-2: Foul Ball, location: 2F
2-2: Ball
3-2: Base on Balls
Batting: RHB Oliver Lugo 0-0: Swinging Strike
0-1: Ground out 1-3 (Groundball, P)
Bottom of the 1st over - 0 runs, 0 hits, 0 errors, 1 left on base; Vista 4 - Kansas City 0
TOP OF THE 2ND
Vista Panthers batting - Pitching for Kansas City Kings : RHP Carlos Pacheco
Batting: RHB Carlos García 0-0: Ball
1-0: Foul Ball, location: 2F
1-1: Swinging Strike
1-2: Strikes out swinging
Batting: RHB Bonifacio Torres 0-0: Called Strike
0-1: Swinging Strike
0-2: Foul Ball, location: 2F
0-2: Ground out 3-1 (Groundball, 34S)
Batting: LHB Bill Wilson 0-0: Swinging Strike
0-1: Ground out U3 (Groundball, 3)
Top of the 2nd over - 0 runs, 0 hits, 0 errors, 0 left on base; Vista 4 - Kansas City 0
BOTTOM OF THE 2ND
Kansas City Kings batting - Pitching for Vista Panthers : RHP Randy Mailman
Batting: RHB Dave Parker 0-0: Swinging Strike
0-1: Swinging Strike
0-2: Ball
1-2: SINGLE (Groundball, 6MD)
Batting: RHB Cy Keynes 0-0: Swinging Strike
0-1: Ball
1-1: Called Strike
1-2: Foul Ball, location: 2F
1-2: Strikes out looking
Batting: LHB Ron Crawford 0-0: Fly out, F7 (Flyball, 7LM)
Batting: RHB Rafael Carreón 0-0: Hit by Pitch
Dave Parker to second
Batting: RHB Gregg Nelson 0-0: Called Strike
0-1: Foul Ball, location: 2F
0-2: Foul Ball, location: 2F
0-2: Ball
1-2: SINGLE (Flyball, 9LS)
Dave Parker to third
Rafael Carreón to second
Runner from 3rd tries for Home, throw and OUT!
Bottom of the 2nd over - 0 runs, 2 hits, 0 errors, 2 left on base; Vista 4 - Kansas City 0
TOP OF THE 3RD
Vista Panthers batting - Pitching for Kansas City Kings : RHP Carlos Pacheco
Batting: LHB Bob Cunningham 0-0: Called Strike
0-1: Ground out 4-3 (Groundball, 4)
Batting: RHB Stephen Wilson 0-0: Ball
1-0: Swinging Strike
1-1: Foul Ball, location: 2F
1-2: Strikes out looking
Batting: SHB Juan Castro 0-0: Foul Ball, location: 2F
0-1: Ball
1-1: Foul Ball, location: 2F
1-2: Strikes out swinging
Top of the 3rd over - 0 runs, 0 hits, 0 errors, 0 left on base; Vista 4 - Kansas City 0
BOTTOM OF THE 3RD
Kansas City Kings batting - Pitching for Vista Panthers : RHP Randy Mailman
Batting: RHB Chris Chandler 0-0: Swinging Strike
0-1: Swinging Strike
0-2: Fly out, F7 (Line Drive, 7)
Batting: SHB Douglas Taylor 0-0: Called Strike
0-1: Ball
1-1: Ball
2-1: Ground out U3 (Groundball, 3)
Batting: RHB Toshimichi Kono 0-0: Ground out 5-3 (Groundball, 5)
Bottom of the 3rd over - 0 runs, 0 hits, 0 errors, 0 left on base; Vista 4 - Kansas City 0
TOP OF THE 4TH
Vista Panthers batting - Pitching for Kansas City Kings : RHP Carlos Pacheco
Batting: LHB Noriaki Sangi 0-0: Ball
1-0: Ball
2-0: Foul Ball, location: 2F
2-1: Foul Ball, location: 2F
2-2: Fly out, F6 (Popup, P)
Batting: RHB Phil Matthews 0-0: Foul Ball, location: 2F
0-1: Foul Ball, location: 2F
0-2: Ground out 6-3 (Groundball, 6D)
Batting: RHB Justin Burgess 0-0: Ball
1-0: Called Strike
1-1: Foul Ball, location: 2F
1-2: Ball
2-2: Ball
3-2: Fly out, F7 (Flyball, 7LD)
Top of the 4th over - 0 runs, 0 hits, 0 errors, 0 left on base; Vista 4 - Kansas City 0
BOTTOM OF THE 4TH
Kansas City Kings batting - Pitching for Vista Panthers : RHP Randy Mailman
Batting: RHB Oliver Lugo 0-0: Fly out, F8 (Flyball, 8LD)
Batting: RHB Dave Parker 0-0: Ball
1-0: Foul Ball, location: 2F
1-1: Swinging Strike
1-2: Fly out, F3 (Popup, 3F)
Batting: RHB Cy Keynes 0-0: Ball
1-0: Ball
2-0: Called Strike
2-1: Swinging Strike
2-2: Ball
3-2: Fly out, F9 (Flyball, 9D)
Bottom of the 4th over - 0 runs, 0 hits, 0 errors, 0 left on base; Vista 4 - Kansas City 0
TOP OF THE 5TH
Vista Panthers batting - Pitching for Kansas City Kings : RHP Carlos Pacheco
Pitching: LHP Rob Lucas
Batting: RHB Carlos García 0-0: Called Strike
0-1: Ball
1-1: Called Strike
1-2: Foul Ball, location: 2F
1-2: Foul Ball, location: 2F
1-2: Ground out 5-3 (Groundball, 56S)
Batting: RHB Bonifacio Torres 0-0: Foul Ball, location: 2F
0-1: Ball
1-1: Ball
2-1: SINGLE (Groundball, 34D)
Batting: LHB Bill Wilson 0-0: Swinging Strike
0-1: Grounds into double play, 4-6-3 (Groundball, 4)
Top of the 5th over - 0 runs, 1 hit, 0 errors, 0 left on base; Vista 4 - Kansas City 0
BOTTOM OF THE 5TH
Kansas City Kings batting - Pitching for Vista Panthers : RHP Randy Mailman
Batting: LHB Ron Crawford 0-0: Called Strike
0-1: Called Strike
0-2: Ball
1-2: Ball
2-2: Foul Ball, location: 2F
2-2: Foul Ball, location: 2F
2-2: Foul Ball, location: 2F
2-2: Foul Ball, location: 2F
2-2: Ball
3-2: Base on Balls
Batting: RHB Rafael Carreón 0-0: Called Strike
0-1: SINGLE (Groundball, 4D)
Ron Crawford to second
Runner from 2nd tries for 3rd, SAFE, no throw
Batting: RHB Gregg Nelson 0-0: Called Strike
0-1: Ball
1-1: Foul Ball, location: 2F
1-2: SINGLE (Groundball, 5D)
Ron Crawford scores
Rafael Carreón to second
Batting: RHB Chris Chandler 0-0: Foul Ball, location: 2F
0-1: Called Strike
0-2: Ball
1-2: Foul Ball, location: 2F
1-2: Ball
2-2: Foul Ball, location: 2F
2-2: Ball
3-2: Fielders Choice at 2nd, 5-4 (Groundball, 5)
Rafael Carreón to third
Batting: SHB Douglas Taylor 0-0: Ball
1-0: SINGLE (Groundball, 6MD)
Rafael Carreón scores
Chris Chandler to second
Runner from 2nd tries for 3rd, SAFE, no throw
Batting: RHB Toshimichi Kono 0-0: Ball
1-0: Called Strike
1-1: Ball
2-1: Ball
3-1: SINGLE (Flyball, 89S)
Chris Chandler scores
Douglas Taylor to second
Runner from 2nd tries for 3rd, SAFE, no throw
Batting: RHB Oliver Lugo 0-0: Ball
1-0: Fly out, F3 (Popup, 3SF)
Batting: RHB Dave Parker 0-0: Ball
1-0: Foul Ball, location: 2F
1-1: Swinging Strike
1-2: Strikes out swinging
Bottom of the 5th over - 3 runs, 4 hits, 0 errors, 2 left on base; Vista 4 - Kansas City 3
TOP OF THE 6TH
Vista Panthers batting - Pitching for Kansas City Kings : LHP Rob Lucas
Batting: LHB Bob Cunningham 0-0: Ball
1-0: SINGLE (Line Drive, 34)
Batting: RHB Stephen Wilson 0-0: Called Strike
0-1: Grounds into double play, 4-6-3 (Groundball, 4)
Batting: SHB Juan Castro 0-0: Foul Ball, location: 2F
0-1: Swinging Strike
0-2: Ball
1-2: Strikes out swinging
Top of the 6th over - 0 runs, 1 hit, 0 errors, 0 left on base; Vista 4 - Kansas City 3
BOTTOM OF THE 6TH
Kansas City Kings batting - Pitching for Vista Panthers : RHP Randy Mailman
Pitching: RHP Dave Riley
Batting: RHB Cy Keynes 0-0: Called Strike
0-1: Foul Ball, location: 2F
0-2: Ball
1-2: Ball
2-2: Ball
3-2: DOUBLE (Groundball, 5L)
Batting: LHB Ron Crawford 0-0: Called Strike
0-1: Swinging Strike
0-2: Foul Ball, location: 2F
0-2: Ball
1-2: Ball
2-2: Ball
3-2: Base on Balls
Batting: RHB Rafael Carreón 0-0: Called Strike
0-1: Ball
1-1: Ball
2-1: Swinging Strike
2-2: Foul Ball, location: 2F
2-2: Ball
3-2: Ground out 5-3 (Groundball, 56)
Cy Keynes to third
Ron Crawford to second
Batting: RHB Gregg Nelson 0-0: SINGLE (Groundball, 6MD)
Cy Keynes scores
Ron Crawford to third
Batting: RHB Chris Chandler 0-0: Ball
1-0: Ball
2-0: Foul Ball, location: 2F
2-1: Fly out, F5 (Popup, 15S)
Batting: SHB Douglas Taylor 0-0: Ball
1-0: Called Strike
1-1: Ball
2-1: Ball
3-1: Base on Balls
Gregg Nelson to second
Batting: RHB Toshimichi Kono 0-0: Called Strike
0-1: Called Strike
0-2: Strikes out swinging
Bottom of the 6th over - 1 run, 2 hits, 0 errors, 3 left on base; Vista 4 - Kansas City 4
TOP OF THE 7TH
Vista Panthers batting - Pitching for Kansas City Kings : LHP Rob Lucas
Batting: LHB Noriaki Sangi 0-0: Called Strike
0-1: Called Strike
0-2: Ball
1-2: Ball
2-2: Foul Ball, location: 2F
2-2: Foul Ball, location: 2F
2-2: Ball
3-2: Foul Ball, location: 2F
3-2: Strikes out swinging
Batting: RHB Phil Matthews 0-0: Ground out 6-3 (Groundball, 6)
Batting: RHB Justin Burgess 0-0: Called Strike
0-1: Ball
1-1: Foul Ball, location: 2F
1-2: Foul Ball, location: 2F
1-2: Ground out U3 (Groundball, 34)
Top of the 7th over - 0 runs, 0 hits, 0 errors, 0 left on base; Vista 4 - Kansas City 4
BOTTOM OF THE 7TH
Kansas City Kings batting - Pitching for Vista Panthers : RHP Dave Riley
Batting: RHB Oliver Lugo 0-0: Ball
1-0: Ball
2-0: Ball
3-0: Called Strike
3-1: Foul Ball, location: 2F
3-2: Strikes out looking
Batting: RHB Dave Parker 0-0: Ground out 6-3 (Groundball, 6)
Batting: RHB Cy Keynes 0-0: Ball
1-0: Ball
2-0: Ball
3-0: Called Strike
3-1: Called Strike
3-2: Foul Ball, location: 2F
3-2: Base on Balls
Pitching: LHP António Martínez
Batting: LHB Ron Crawford 0-0: Ball
1-0: Fly out, F8 (Line Drive, 8LM)
Bottom of the 7th over - 0 runs, 0 hits, 0 errors, 1 left on base; Vista 4 - Kansas City 4
TOP OF THE 8TH
Vista Panthers batting - Pitching for Kansas City Kings : LHP Rob Lucas
Batting: RHB Carlos García 0-0: Called Strike
0-1: Ball
1-1: Foul Ball, location: 2F
1-2: Ground out 5-3 (Groundball, 5S)
Batting: RHB Bonifacio Torres 0-0: Ball
1-0: Called Strike
1-1: Ball
2-1: Swinging Strike
2-2: Fly out, F7 (Line Drive, 7LD)
Batting: LHB Bill Wilson 0-0: Called Strike
0-1: Ball
1-1: Ball
2-1: Swinging Strike
2-2: SINGLE (Groundball, 4MD)
Pitching: RHP Alberto Bonilla
Batting: LHB Bob Cunningham 0-0: Foul Ball, location: 2F
0-1: Swinging Strike
0-2: Strikes out swinging
Top of the 8th over - 0 runs, 1 hit, 0 errors, 1 left on base; Vista 4 - Kansas City 4
BOTTOM OF THE 8TH
Kansas City Kings batting - Pitching for Vista Panthers : LHP António Martínez
Pitching: RHP José Betancourt
Batting: RHB Rafael Carreón 0-0: Called Strike
0-1: Ball
1-1: Ball
2-1: Ball
3-1: Foul Ball, location: 2F
3-2: Ground out 6-3 (Groundball, 6D)
Pinch Hitting: LHB Luis González 0-0: Fly out, F8 (Flyball, 8RD)
Batting: RHB Chris Chandler 0-0: Swinging Strike
0-1: Ball
1-1: Ball
2-1: Foul Ball, location: 2F
2-2: SINGLE (Groundball, 56) (infield hit)
Batting: SHB Douglas Taylor 0-0: Called Strike
Chris Chandler steals 2nd base
0-1: Called Strike
0-2: Ball
1-2: Strikes out looking
Bottom of the 8th over - 0 runs, 1 hit, 0 errors, 1 left on base; Vista 4 - Kansas City 4
TOP OF THE 9TH
Vista Panthers batting - Pitching for Kansas City Kings : RHP Alberto Bonilla
Pitching: RHP Nick Parks
Now at SS: Luis González
Batting: RHB Stephen Wilson 0-0: Ball
1-0: Called Strike
1-1: Ball
2-1: Swinging Strike
2-2: Ground out 6-3 (Groundball, 6MD)
Batting: SHB Juan Castro 0-0: SINGLE (Groundball, 4) (infield hit)
Batting: LHB Noriaki Sangi 0-0: Ball
1-0: Foul Ball, location: 2F
1-1: Grounds into double play, 6-4-3 (Groundball, 6)
Top of the 9th over - 0 runs, 1 hit, 0 errors, 0 left on base; Vista 4 - Kansas City 4
BOTTOM OF THE 9TH
Kansas City Kings batting - Pitching for Vista Panthers : RHP José Betancourt
Batting: RHB Toshimichi Kono 0-0: Ground out 6-3 (Groundball, 6)
Batting: RHB Oliver Lugo 0-0: Swinging Strike
0-1: Swinging Strike
0-2: Strikes out swinging
Batting: RHB Dave Parker 0-0: SINGLE (Line Drive, 56D)
Batting: RHB Cy Keynes 0-0: Ball
1-0: Ball
2-0: Ball
3-0: Called Strike
3-1: Fielders Choice at 2nd, 6-4 (Groundball, 6D)
Bottom of the 9th over - 0 runs, 1 hit, 0 errors, 1 left on base; Vista 4 - Kansas City 4
TOP OF THE 10TH
Vista Panthers batting - Pitching for Kansas City Kings : RHP Nick Parks
Batting: RHB Phil Matthews 0-0: Foul Ball, location: 2F
0-1: Foul Ball, location: 2F
0-2: Strikes out swinging
Batting: RHB Justin Burgess 0-0: Ball
1-0: Ball
2-0: Ball
3-0: Called Strike
3-1: Swinging Strike
3-2: Foul Ball, location: 2F
3-2: Strikes out swinging
Batting: RHB Carlos García 0-0: Called Strike
0-1: Foul Ball, location: 2F
0-2: Ball
1-2: Strikes out swinging
Top of the 10th over - 0 runs, 0 hits, 0 errors, 0 left on base; Vista 4 - Kansas City 4
BOTTOM OF THE 10TH
Kansas City Kings batting - Pitching for Vista Panthers : RHP José Betancourt
Batting: LHB Ron Crawford 0-0: Ball
1-0: Foul Ball, location: 2F
1-1: Swinging Strike
1-2: Ball
2-2: Strikes out looking
Batting: RHB Rafael Carreón 0-0: Called Strike
0-1: Ground out 6-3 (Groundball, 56)
Batting: LHB Luis González 0-0: Called Strike
0-1: Ball
1-1: Ball
2-1: Ground out U3 (Groundball, 3)
Bottom of the 10th over - 0 runs, 0 hits, 0 errors, 0 left on base; Vista 4 - Kansas City 4
TOP OF THE 11TH
Vista Panthers batting - Pitching for Kansas City Kings : RHP Nick Parks
Pitching: LHP Manuel Parra
Batting: RHB Bonifacio Torres 0-0: Called Strike
0-1: Ground out 6-3 (Groundball, 6MD)
Batting: LHB Bill Wilson 0-0: Called Strike
0-1: Ball
1-1: Fly out, F7 (Line Drive, 7)
Batting: LHB Bob Cunningham 0-0: Ball
1-0: Ball
2-0: Ball
3-0: Called Strike
3-1: Ground out 1-3 (Groundball, 15S)
Top of the 11th over - 0 runs, 0 hits, 0 errors, 0 left on base; Vista 4 - Kansas City 4
BOTTOM OF THE 11TH
Kansas City Kings batting - Pitching for Vista Panthers : RHP José Betancourt
Batting: RHB Chris Chandler 0-0: Ball
1-0: Ball
2-0: Ball
3-0: Called Strike
3-1: Base on Balls
Batting: SHB Douglas Taylor 0-0: Called Strike
0-1: SINGLE (Line Drive, 34)
Chris Chandler to second
Runner from 2nd tries for 3rd, SAFE, throw made to third
Batting: RHB Toshimichi Kono 0-0: Called Strike
0-1: Ball
1-1: Ball
2-1: Foul Ball, location: 2F
2-2: Fly out, F9 (Flyball, 9S)
Batting: RHB Oliver Lugo 0-0: Ball
1-0: Called Strike
1-1: Called Strike
Douglas Taylor steals 2nd base
1-2: Intentional Walk
Batting: RHB Dave Parker 0-0: Ball
1-0: Foul Ball, location: 2F
1-1: Foul Ball, location: 2F
1-2: Ball
2-2: SINGLE (Groundball, 5D)
Chris Chandler scores
Saturday, December 16th, 2017 - OOTP Baseball 18.8 Build 76